Staline vs Little Stars
Created - 27 mars 2015 at 19:08
Goals
|
Staline |
1 |
1 |
2 |
4 |
Little Stars |
1 |
2 |
3 |
6 |
|
Shots
|
Staline |
15 |
5 |
18 |
38 |
Little Stars |
8 |
15 |
8 |
31 |
|
1st period
1. Staline , Devin Setoguchi 48 (Yan Stastny) at 12:12
2. Little Stars , Kyle Okposo 33 (Evgeny Artyukhin) at 13:40
Penalties :
Corey Trivino (Tex) for Tripping (Minor) at 13:11, Tobias Stephan (StJ) for Slashing (Minor) at 13:24 - Pierre-Luc Létourneau served the penalty, Marcus Kruger (Tex) for Hooking (Minor) at 17:55
2nd period
3. Little Stars , Evgeny Artyukhin 1 (Clay Wilson) at 4:00
4. Little Stars , Raphael Diaz 7 (Alexander Vasyunov) at 9:46
5. Staline , Devin Setoguchi 49 (Yan Stastny) at 14:24
Penalties :
Carl Hagelin (Tex) for Hooking (Minor) at 7:39, Carl Hagelin (Tex) for Tripping (Minor) at 11:18, Raphael Diaz (Tex) for Hooking (Minor) at 15:05
3rd period
6. Little Stars , Marcus Kruger 39 (Clay Wilson) at 4:00
7. Staline , Mason Raymond 33 (Cam Janssen, Andrei Loktionov) at 8:09
8. Staline , Pierre-Luc Létourneau 23 (Tyler Cuma, Devin Setoguchi) at 12:48
9. Little Stars , Kyle Okposo 34 (Raphael Diaz, Marcus Kruger) at 18:45 (PP)
10. Little Stars , Evgeny Artyukhin 2 (Clay Wilson, Jesse Joensuu) at 19:17 (Empty Net)
Penalties :
Nick Spaling (StJ) for Hooking (Minor) at 5:49, Cody Eakin (StJ) for High sticking (Minor) at 9:44, Theo Peckham (StJ) for Holding (Minor) at 18:08, J.T. Wyman (StJ) for Hooking (Minor) at 19:20
Goalie Stats
Tobias Stephan (StJ), 25 saves from 30 shots - (0,833), L, 43-16-4, 59:44 minutes
Erik Ersberg (Tex), 34 saves from 38 shots - (0,895), W, 33-15-9, 60:00 minutes
Players Stats for Staline
Player Name G A P +/- PIM S H SB GA TA FO MP PP MP PK MP
------------------------------------------------------------------------------------
Andrei Loktionov 0 1 1 0 0 3 1 0 0 0 9/17 16:33 3:34 1:03
Cam Janssen 0 1 1 1 0 1 1 1 0 1 0/0 15:50 3:34 1:03
Cody Eakin 0 0 0 0 2 1 0 0 0 0 0/2 6:31 0:00 0:00
Devin Setoguchi 2 1 3 0 0 4 1 0 2 1 2/3 24:58 4:35 3:39
J.T. Wyman 0 0 0 -2 2 3 0 0 0 0 0/0 11:54 0:00 0:01
James Sheppard 0 0 0 0 0 0 0 0 0 0 0/0 6:02 0:00 0:00
Jared Boll 0 0 0 0 0 1 1 0 2 0 0/0 7:21 0:00 0:44
Keith Aulie 0 0 0 -3 0 3 3 2 0 3 0/0 29:51 4:35 3:37
Mason Raymond 1 0 1 1 0 2 0 1 0 0 0/0 16:07 3:34 0:42
Michael Del Zotto 0 0 0 1 0 0 1 0 0 0 0/0 14:38 3:34 0:01
Nick Spaling 0 0 0 -2 2 1 0 0 0 0 0/0 11:01 0:00 0:00
Peter Mueller 0 0 0 -2 0 3 1 0 1 0 3/6 12:05 0:04 0:01
Pierre-Luc Létourneau 1 0 1 1 0 3 2 0 0 0 0/3 20:04 4:31 0:00
T.J. Fast 0 0 0 -3 0 5 1 4 0 1 0/0 29:51 4:35 3:37
Theo Peckham 0 0 0 1 2 2 2 1 0 0 0/0 15:30 0:00 1:49
Torey Krug 0 0 0 1 0 0 1 0 0 0 0/0 10:06 0:00 0:00
Tyler Cuma 0 1 1 1 0 5 3 2 2 0 0/0 20:03 3:34 1:50
Yan Stastny 0 2 2 1 0 1 5 1 0 0 25/37 24:18 4:35 3:41
Players Stats for Little Stars
Player Name G A P +/- PIM S H SB GA TA FO MP PP MP PK MP
------------------------------------------------------------------------------------
Alexander Vasyunov 0 1 1 1 0 0 1 0 0 0 1/2 13:28 0:04 1:10
Cameron Schilling 0 0 0 0 0 1 0 1 0 1 0/0 20:40 2:20 3:36
Carl Hagelin 0 0 0 -1 4 1 0 0 0 0 1/1 16:33 2:03 0:00
Clay Wilson 0 3 3 0 0 3 0 2 0 2 0/0 27:39 3:07 4:33
Cody Bass 0 0 0 -2 0 1 3 0 0 1 3/13 16:15 2:03 0:00
Corey Trivino 0 0 0 0 2 1 0 1 0 0 3/6 11:20 0:04 0:00
Danny DeKeiser 0 0 0 1 0 0 0 0 0 0 0/0 1:36 0:00 0:10
Evgeny Artyukhin 2 1 3 2 0 7 3 0 3 0 6/12 26:42 3:20 4:14
Hugh Jessiman 0 0 0 0 0 1 0 1 0 0 0/0 7:27 0:00 2:16
Jared Spurgeon 0 0 0 0 0 0 0 1 0 0 0/0 10:15 0:00 0:00
Jesse Joensuu 0 1 1 1 0 1 2 2 0 0 0/3 17:52 3:20 0:00
Kyle Okposo 2 0 2 -1 0 2 1 0 0 0 0/0 22:00 2:03 4:32
Landon Ferraro 0 0 0 1 0 0 1 0 0 0 2/3 7:05 0:04 1:50
Marcus Kruger 1 1 2 1 2 8 0 0 0 0 12/27 17:56 3:20 0:00
Mathieu Roy 0 0 0 1 0 2 4 2 1 1 0/0 29:05 3:07 4:33
Matt Halischuk 0 0 0 0 0 0 0 0 0 0 0/0 0:00 0:00 0:00
Matt Pelech 0 0 0 0 0 0 2 2 0 1 0/0 10:56 0:00 0:41
Raphael Diaz 1 1 2 0 2 2 0 0 2 1 0/0 19:48 2:20 2:45
Robert Czarnik 0 0 0 0 0 0 0 0 0 0 0/0 0:00 0:00 0:00
Ryan Vesce 0 0 0 0 0 1 1 0 0 0 1/1 13:23 0:00 2:16
3 Stars
1 - Evgeny Artyukhin (Tex)
2 - Devin Setoguchi (StJ)
3 - Yan Stastny (StJ)
Power Play
Staline - 0 on 5 Attempt(s) - 0,00%
Little Stars - 1 on 5 Attempt(s) - 20,00%
Penalty Kill
Staline - 4 on 5 Attempt(s) - 80,00%
- Score 0 goal in Penalty Kill
Little Stars - 5 on 5 Attempt(s) - 100,00%
- Score 0 goal in Penalty Kill
Team Stat
Staline - Hits : 23 - Faceoff Wins : 39 - Blocked Shots : 12 - Penalty Minutes : 8
Little Stars - Hits : 18 - Faceoff Wins : 29 - Blocked Shots : 12 - Penalty Minutes : 10
Official
Referees : Kowal Tom and Pollock Kevin
Linesman : Brian Murphy and Mark Pare
Game Notes
Evgeny Artyukhin has scored in a empty net!
Finance
Level 1 -- Attendance: 1679 (83,95%) -- Ticket Income 58 765 $
Level 2 -- Attendance: 697 (69,70%) -- Ticket Income 10 455 $
Total Attendance: 2376 (79,20%)
Total Ticket Income: 69 220 $
Other Income: 3 461 $
Total Income: 72 681 $
Staline
5 vs 5 Forward
Center Left Wing Right Wing Time % Phy DF OF
1 Yan Stastny Pierre-Luc Létourneau Devin Setoguchi 40 1 2 2
2 Andrei Loktionov Mason Raymond Cam Janssen 30 1 2 2
3 Peter Mueller Nick Spaling J.T. Wyman 20 1 2 2
4 Cody Eakin James Sheppard Jared Boll 10 1 2 2
5 vs 5 Defense
Defense Defense Time % Phy DF OF
1 T.J. Fast Keith Aulie 40 1 2 2
2 Theo Peckham Tyler Cuma 30 1 2 2
3 Michael Del Zotto Torey Krug 20 1 2 2
4 T.J. Fast Keith Aulie 10 1 2 2
PowerPlay Forward
Center Left Wing Right Wing Time % Phy DF OF
1 Yan Stastny Pierre-Luc Létourneau Devin Setoguchi 60 1 2 2
2 Andrei Loktionov Mason Raymond Cam Janssen 40 1 2 2
PowerPlay Defense
Defense Defense Time % Phy DF OF
1 T.J. Fast Keith Aulie 60 1 2 2
2 Michael Del Zotto Tyler Cuma 40 1 2 2
Penalty Kill 4 Players Forward
Center Wing Time % Phy DF OF
1 Yan Stastny Devin Setoguchi 60 1 2 2
2 Andrei Loktionov Cam Janssen 40 1 2 2
Penalty Kill 4 Players Defense
Defense Defense Time % Phy DF OF
1 T.J. Fast Keith Aulie 60 1 2 2
2 Theo Peckham Tyler Cuma 40 1 2 2
Penalty Kill - 3 Players Forward
Forward Time % Phy DF OF
1 Yan Stastny 60 1 2 2
2 Andrei Loktionov 40 1 2 2
Penalty Kill - 3 Players Defense
Defense Defense Time % Phy DF OF
1 T.J. Fast Keith Aulie 60 1 2 2
2 Theo Peckham Tyler Cuma 40 1 2 2
4 vs 4 Forward
Center Wing Time % Phy DF OF
1 Andrei Loktionov Devin Setoguchi 60 1 2 2
2 Yan Stastny Cam Janssen 40 1 2 2
4 vs 4 Defense
Defense Defense Time % Phy DF OF
1 T.J. Fast Keith Aulie 60 1 2 2
2 Michael Del Zotto Tyler Cuma 40 1 2 2
Last Minutes Offensive
Center Left Wing Right Wing Defense Defense
Yan Stastny Pierre-Luc Létourneau Devin Setoguchi T.J. Fast Keith Aulie
Last Minutes Defensive
Center Left Wing Right Wing Defense Defense
Yan Stastny Pierre-Luc Létourneau Devin Setoguchi T.J. Fast Keith Aulie
Goaltenders
Starting : Tobias Stephan
Backup : Joni Ortio
Extra Forwards
Normal : Peter Mueller, J.T. Wyman, Jared Boll - PP : Peter Mueller, J.T. Wyman - PK : Jared Boll
Extra Defensemen
Normal : Michael Del Zotto, Torey Krug, Theo Peckham - PP : Michael Del Zotto - PK : Torey Krug, Theo Peckham
Penalty Shots
Pierre-Luc Létourneau, Devin Setoguchi, Yan Stastny, Cam Janssen, Mason Raymond
Little Stars
5 vs 5 Forward
Center Left Wing Right Wing Time % Phy DF OF
1 Marcus Kruger Jesse Joensuu Evgeny Artyukhin 40 1 2 2
2 Cody Bass Carl Hagelin Kyle Okposo 30 1 2 2
3 Corey Trivino Alexander Vasyunov Ryan Vesce 20 1 2 2
4 Landon Ferraro Evgeny Artyukhin Hugh Jessiman 10 1 2 2
5 vs 5 Defense
Defense Defense Time % Phy DF OF
1 Mathieu Roy Clay Wilson 40 1 2 2
2 Raphael Diaz Cameron Schilling 30 1 2 2
3 Jared Spurgeon Matt Pelech 20 1 2 2
4 Danny DeKeiser Mathieu Roy 10 1 2 2
PowerPlay Forward
Center Left Wing Right Wing Time % Phy DF OF
1 Marcus Kruger Jesse Joensuu Evgeny Artyukhin 60 1 2 2
2 Cody Bass Carl Hagelin Kyle Okposo 40 1 2 2
PowerPlay Defense
Defense Defense Time % Phy DF OF
1 Mathieu Roy Clay Wilson 60 1 2 2
2 Raphael Diaz Cameron Schilling 40 1 2 2
Penalty Kill 4 Players Forward
Center Wing Time % Phy DF OF
1 Evgeny Artyukhin Kyle Okposo 60 1 2 2
2 Ryan Vesce Hugh Jessiman 40 1 2 2
Penalty Kill 4 Players Defense
Defense Defense Time % Phy DF OF
1 Mathieu Roy Clay Wilson 60 1 2 2
2 Raphael Diaz Cameron Schilling 40 1 2 2
Penalty Kill - 3 Players Forward
Forward Time % Phy DF OF
1 Evgeny Artyukhin 60 1 2 2
2 Kyle Okposo 40 1 2 2
Penalty Kill - 3 Players Defense
Defense Defense Time % Phy DF OF
1 Mathieu Roy Clay Wilson 60 1 2 2
2 Raphael Diaz Cameron Schilling 40 1 2 2
4 vs 4 Forward
Center Wing Time % Phy DF OF
1 Evgeny Artyukhin Kyle Okposo 60 1 2 2
2 Ryan Vesce Hugh Jessiman 40 1 2 2
4 vs 4 Defense
Defense Defense Time % Phy DF OF
1 Mathieu Roy Clay Wilson 60 1 2 2
2 Raphael Diaz Cameron Schilling 40 1 2 2
Last Minutes Offensive
Center Left Wing Right Wing Defense Defense
Marcus Kruger Jesse Joensuu Evgeny Artyukhin Mathieu Roy Clay Wilson
Last Minutes Defensive
Center Left Wing Right Wing Defense Defense
Marcus Kruger Jesse Joensuu Evgeny Artyukhin Mathieu Roy Clay Wilson
Goaltenders
Starting : Erik Ersberg
Backup : Ben Scrivens
Extra Forwards
Normal : Alexander Vasyunov, Corey Trivino, Landon Ferraro - PP : Alexander Vasyunov, Corey Trivino - PK : Landon Ferraro
Extra Defensemen
Normal : Jared Spurgeon, Matt Pelech, Danny DeKeiser - PP : Jared Spurgeon - PK : Matt Pelech, Danny DeKeiser
Penalty Shots
Evgeny Artyukhin, Kyle Okposo, Ryan Vesce, Hugh Jessiman, Matt Halischuk
% Time on Ice - Staline
Lines # - Real PCT - Wanted PCT - Time Play
Normal Forward
1 - 36% - 40% - 15:41
2 - 26% - 30% - 11:30
3 - 25% - 20% - 10:53
4 - 14% - 10% - 6:02
Normal Defense
1 - 42% - 40% - 18:34
2 - 32% - 30% - 14:00
3 - 23% - 20% - 10:06
4 - 3% - 10% - 1:26
PP Forward
1 - 56% - 60% - 4:35
2 - 44% - 40% - 3:34
PP Defense
1 - 56% - 60% - 4:35
2 - 44% - 40% - 3:34
PK Forward
1 - 81% - 60% - 4:24
2 - 19% - 40% - 1:03
PK Defense
1 - 66% - 60% - 3:37
2 - 34% - 40% - 1:50
PK3 Forward
1 - 0% - 60%
2 - 0% - 40%
PK3 Defense
1 - 0% - 60%
2 - 0% - 40%
44 Forward
1 - 82% - 60% - 1:27
2 - 18% - 40% - 0:19
44 Defense
1 - 63% - 60% - 1:07
2 - 37% - 40% - 0:39
Last Minute Offensive - 0:32
Last Minute Defensive - 0:00
Total
Forward - 60:00
Defense - 60:00
|
% Time on Ice - Little Stars
Lines # - Real PCT - Wanted PCT - Time Play
Normal Forward
1 - 32% - 40% - 14:17
2 - 34% - 30% - 14:59
3 - 24% - 20% - 10:35
4 - 10% - 10% - 4:15
Normal Defense
1 - 41% - 40% - 18:15
2 - 32% - 30% - 14:10
3 - 23% - 20% - 10:15
4 - 3% - 10% - 1:26
PP Forward
1 - 62% - 60% - 3:24
2 - 38% - 40% - 2:03
PP Defense
1 - 57% - 60% - 3:07
2 - 43% - 40% - 2:20
PK Forward
1 - 72% - 60% - 5:53
2 - 28% - 40% - 2:16
PK Defense
1 - 56% - 60% - 4:33
2 - 44% - 40% - 3:36
PK3 Forward
1 - 0% - 60%
2 - 0% - 40%
PK3 Defense
1 - 0% - 60%
2 - 0% - 40%
44 Forward
1 - 75% - 60% - 1:19
2 - 25% - 40% - 0:27
44 Defense
1 - 68% - 60% - 1:12
2 - 32% - 40% - 0:34
Last Minute Offensive - 0:00
Last Minute Defensive - 0:32
Total
Forward - 60:00
Defense - 60:00
|
Play by Play
1st period
0:01 of 1st period - Yan Stastny wins face-off versus Marcus Kruger in neutral zone.
0:26 of 1st period - Cam Janssen is hit by Cody Bass and loses puck.
0:55 of 1st period - Ryan Vesce is hit by Theo Peckham and loses puck.
1:35 of 1st period - Slapshot by Kyle Okposo.
1:35 of 1st period - Shot Blocked by T.J. Fast.
1:52 of 1st period - Wrist shot by Andrei Loktionov.
1:52 of 1st period - Stopped by Erik Ersberg without a rebound.
1:53 of 1st period - Corey Trivino wins face-off versus Andrei Loktionov in Little Stars zone.
2:19 of 1st period - Torey Krug is hit by Evgeny Artyukhin and loses puck.
2:26 of 1st period - Wrist shot by Marcus Kruger.
2:26 of 1st period - Stopped by Tobias Stephan with a rebound.
2:28 of 1st period - Slapshot by Cameron Schilling.
2:28 of 1st period - Stopped by Tobias Stephan without a rebound.
2:29 of 1st period - Yan Stastny wins face-off versus Cody Bass in Staline zone.
2:44 of 1st period - Wrist shot by Devin Setoguchi.
2:44 of 1st period - Stopped by Erik Ersberg with a rebound.
3:14 of 1st period - Snap shot by Cody Eakin.
3:14 of 1st period - Stopped by Erik Ersberg without a rebound.
3:15 of 1st period - Cody Bass wins face-off versus Cody Eakin in Little Stars zone.
3:28 of 1st period - Snap shot by Cody Bass.
3:28 of 1st period - Stopped by Tobias Stephan with a rebound.
3:46 of 1st period - Snap shot by Pierre-Luc Létourneau.
3:46 of 1st period - Stopped by Erik Ersberg with a rebound.
3:48 of 1st period - Snap shot by Pierre-Luc Létourneau.
3:48 of 1st period - Stopped by Erik Ersberg without a rebound.
3:49 of 1st period - Andrei Loktionov wins face-off versus Marcus Kruger in Little Stars zone.
4:16 of 1st period - Matt Pelech is hit by Yan Stastny and loses puck.
4:20 of 1st period - Icing by Cody Bass.
4:21 of 1st period - Yan Stastny wins face-off versus Cody Bass in Little Stars zone.
4:26 of 1st period - Wrist shot by Pierre-Luc Létourneau.
4:26 of 1st period - Shot Blocked by Mathieu Roy.
4:28 of 1st period - Snap shot by Pierre-Luc Létourneau.
4:28 of 1st period - Shot Misses the Net.
5:14 of 1st period - Slapshot by Matt Pelech.
5:14 of 1st period - Shot Blocked by Cam Janssen.
5:23 of 1st period - Icing by Tyler Cuma.
5:24 of 1st period - Landon Ferraro wins face-off versus Cody Eakin in Staline zone.
5:35 of 1st period - Wrist shot by Evgeny Artyukhin.
5:35 of 1st period - Shot Blocked by Tyler Cuma.
5:37 of 1st period - Slapshot by Cameron Schilling.
5:37 of 1st period - Shot Misses the Net.
5:39 of 1st period - Snap shot by Hugh Jessiman.
5:39 of 1st period - Shot Blocked by Tyler Cuma.
6:00 of 1st period - Snap shot by Raphael Diaz.
6:00 of 1st period - Shot Misses the Net.
6:06 of 1st period - Slapshot by Keith Aulie.
6:06 of 1st period - Stopped by Erik Ersberg with a rebound.
6:08 of 1st period - Snap shot by T.J. Fast.
6:08 of 1st period - Shot Misses the Net.
6:10 of 1st period - Slapshot by Keith Aulie.
6:10 of 1st period - Stopped by Erik Ersberg without a rebound.
6:11 of 1st period - Cody Bass wins face-off versus Yan Stastny in Little Stars zone.
6:48 of 1st period - Snap shot by Evgeny Artyukhin.
6:48 of 1st period - Stopped by Tobias Stephan without a rebound.
6:49 of 1st period - Marcus Kruger wins face-off versus Peter Mueller in Staline zone.
6:56 of 1st period - Wrist shot by Marcus Kruger.
6:56 of 1st period - Shot Blocked by T.J. Fast.
7:12 of 1st period - Snap shot by Marcus Kruger.
7:12 of 1st period - Stopped by Tobias Stephan with a rebound.
7:28 of 1st period - Slapshot by J.T. Wyman.
7:28 of 1st period - Shot Blocked by Matt Pelech.
7:32 of 1st period - Snap shot by Peter Mueller.
7:32 of 1st period - Stopped by Erik Ersberg with a rebound.
7:48 of 1st period - Wrist shot by Marcus Kruger.
7:48 of 1st period - Stopped by Tobias Stephan without a rebound.
7:49 of 1st period - Yan Stastny wins face-off versus Alexander Vasyunov in Staline zone.
9:02 of 1st period - Snap shot by Devin Setoguchi.
9:02 of 1st period - Shot Misses the Net.
9:14 of 1st period - Cam Janssen is hit by Kyle Okposo and loses puck.
10:04 of 1st period - Cameron Schilling is hit by Torey Krug and loses puck.
10:24 of 1st period - Slapshot by Devin Setoguchi.
10:24 of 1st period - Shot Blocked by Jared Spurgeon.
10:26 of 1st period - Snap shot by Yan Stastny.
10:26 of 1st period - Shot Misses the Net.
10:28 of 1st period - Snap shot by Pierre-Luc Létourneau.
10:28 of 1st period - Shot Blocked by Jesse Joensuu.
10:30 of 1st period - Slapshot by Yan Stastny.
10:30 of 1st period - Shot Blocked by Matt Pelech.
11:11 of 1st period - Theo Peckham is hit by Mathieu Roy and loses puck.
11:58 of 1st period - Snap shot by Andrei Loktionov.
11:58 of 1st period - Stopped by Erik Ersberg without a rebound.
11:59 of 1st period - Yan Stastny wins face-off versus Cody Bass in Little Stars zone.
12:12 of 1st period - Wrist shot by Devin Setoguchi.
12:12 of 1st period - Goal by Devin Setoguchi - Staline : 1 - Little Stars : 0.
12:13 of 1st period - Marcus Kruger wins face-off versus Yan Stastny in neutral zone.
12:13 of 1st period - Evgeny Artyukhin is hit by Pierre-Luc Létourneau and loses puck.
13:00 of 1st period - Snap shot by Peter Mueller.
13:00 of 1st period - Deflect By Nick Spaling.
13:00 of 1st period - Stopped by Erik Ersberg with a rebound.
13:11 of 1st period - Minor Penalty to Corey Trivino for Tripping.
13:12 of 1st period - Yan Stastny wins face-off versus Evgeny Artyukhin in Little Stars zone.
13:22 of 1st period - Slapshot by Evgeny Artyukhin.
13:22 of 1st period - Shot Blocked by T.J. Fast.
13:24 of 1st period - Snap shot by Evgeny Artyukhin.
13:24 of 1st period - Stopped by Tobias Stephan without a rebound.
13:24 of 1st period - Minor Penalty to Tobias Stephan for Slashing.
13:25 of 1st period - Evgeny Artyukhin wins face-off versus Andrei Loktionov in Staline zone.
13:40 of 1st period - Slapshot by Kyle Okposo.
13:40 of 1st period - Goal by Kyle Okposo - Staline : 1 - Little Stars : 1.
13:41 of 1st period - Devin Setoguchi wins face-off versus Evgeny Artyukhin in neutral zone.
15:11 of 1st period - Penalty to Corey Trivino is over, Corey Trivino is back on ice.
15:24 of 1st period - Penalty to Pierre-Luc Létourneau is over, Pierre-Luc Létourneau is back on ice.
15:40 of 1st period - Snap shot by Jared Boll.
15:40 of 1st period - Stopped by Erik Ersberg with a rebound.
15:42 of 1st period - Wrist shot by Tyler Cuma.
15:42 of 1st period - Stopped by Erik Ersberg with a rebound.
15:49 of 1st period - Icing by Cody Bass.
15:50 of 1st period - Andrei Loktionov wins face-off versus Cody Bass in Little Stars zone.
15:53 of 1st period - Snap shot by Peter Mueller.
15:53 of 1st period - Shot Misses the Net.
15:55 of 1st period - Snap shot by J.T. Wyman.
15:55 of 1st period - Stopped by Erik Ersberg with a rebound.
15:57 of 1st period - Slapshot by Keith Aulie.
15:57 of 1st period - Shot Misses the Net.
16:01 of 1st period - Slapshot by Peter Mueller.
16:01 of 1st period - Shot Hit the Post.
16:03 of 1st period - Snap shot by T.J. Fast.
16:03 of 1st period - Stopped by Erik Ersberg without a rebound.
16:04 of 1st period - Yan Stastny wins face-off versus Marcus Kruger in Little Stars zone.
16:52 of 1st period - Raphael Diaz is hit by Michael Del Zotto.
17:52 of 1st period - Off-side.
17:53 of 1st period - Marcus Kruger wins face-off versus Andrei Loktionov in neutral zone.
17:55 of 1st period - Minor Penalty to Marcus Kruger for Hooking.
17:56 of 1st period - Evgeny Artyukhin wins face-off versus Pierre-Luc Létourneau in Little Stars zone.
18:06 of 1st period - Clay Wilson is hit by Yan Stastny and loses puck.
19:55 of 1st period - Penalty to Marcus Kruger is over, Marcus Kruger is back on ice.
Goals for this period are 1 for Staline vs 1 for Little Stars.
Shots for this period are 15 for Staline vs 8 for Little Stars.
2nd period
0:01 of 2nd period - Marcus Kruger wins face-off versus Yan Stastny in neutral zone.
0:06 of 2nd period - Wrist shot by Jesse Joensuu.
0:06 of 2nd period - Shot Misses the Net.
0:50 of 2nd period - Slapshot by Clay Wilson.
0:50 of 2nd period - Shot Misses the Net.
0:52 of 2nd period - Slapshot by Mathieu Roy.
0:52 of 2nd period - Shot Misses the Net.
1:29 of 2nd period - Raphael Diaz is hit by Yan Stastny and loses puck.
1:46 of 2nd period - Snap shot by Carl Hagelin.
1:46 of 2nd period - Stopped by Tobias Stephan without a rebound.
1:47 of 2nd period - Andrei Loktionov wins face-off versus Cody Bass in Staline zone.
3:08 of 2nd period - Snap shot by Mason Raymond.
3:08 of 2nd period - Shot Misses the Net.
3:29 of 2nd period - Alexander Vasyunov is hit by Jared Boll and loses puck.
4:00 of 2nd period - Snap shot by Evgeny Artyukhin.
4:00 of 2nd period - Goal by Evgeny Artyukhin - Staline : 1 - Little Stars : 2.
4:01 of 2nd period - Marcus Kruger wins face-off versus Yan Stastny in neutral zone.
4:13 of 2nd period - Jesse Joensuu is hit by Devin Setoguchi and loses puck.
4:46 of 2nd period - Raphael Diaz is hit by Peter Mueller and loses puck.
5:39 of 2nd period - Wrist shot by Evgeny Artyukhin.
5:39 of 2nd period - Stopped by Tobias Stephan without a rebound.
5:40 of 2nd period - Marcus Kruger wins face-off versus Andrei Loktionov in Staline zone.
5:45 of 2nd period - Slapshot by Marcus Kruger.
5:45 of 2nd period - Stopped by Tobias Stephan with a rebound.
5:47 of 2nd period - Slapshot by Marcus Kruger.
5:47 of 2nd period - Stopped by Tobias Stephan with a rebound.
5:55 of 2nd period - Slapshot by Mathieu Roy.
5:55 of 2nd period - Stopped by Tobias Stephan with a rebound.
6:05 of 2nd period - Devin Setoguchi is hit by Mathieu Roy and loses puck.
6:25 of 2nd period - Off-side.
6:26 of 2nd period - Landon Ferraro wins face-off versus Peter Mueller in neutral zone.
6:55 of 2nd period - Snap shot by J.T. Wyman.
6:55 of 2nd period - Shot Misses the Net.
7:21 of 2nd period - Slapshot by Evgeny Artyukhin.
7:21 of 2nd period - Shot Hit the Post.
7:23 of 2nd period - Wrist shot by Hugh Jessiman.
7:23 of 2nd period - Stopped by Tobias Stephan without a rebound.
7:24 of 2nd period - Yan Stastny wins face-off versus Cody Bass in Staline zone.
7:24 of 2nd period - Yan Stastny is hit by Mathieu Roy.
7:39 of 2nd period - Minor Penalty to Carl Hagelin for Hooking.
7:40 of 2nd period - Evgeny Artyukhin wins face-off versus Yan Stastny in Little Stars zone.
8:12 of 2nd period - Clay Wilson is hit by Cam Janssen and loses puck.
8:57 of 2nd period - Raphael Diaz is hit by Tyler Cuma and loses puck.
9:18 of 2nd period - Yan Stastny is hit by Landon Ferraro and loses puck.
9:39 of 2nd period - Penalty to Carl Hagelin is over, Carl Hagelin is back on ice.
9:46 of 2nd period - Slapshot by Raphael Diaz.
9:46 of 2nd period - Goal by Raphael Diaz - Staline : 1 - Little Stars : 3.
9:47 of 2nd period - Peter Mueller wins face-off versus Evgeny Artyukhin in neutral zone.
10:16 of 2nd period - Off-side.
10:17 of 2nd period - Andrei Loktionov wins face-off versus Marcus Kruger in neutral zone.
10:26 of 2nd period - Snap shot by Andrei Loktionov.
10:26 of 2nd period - Deflect By Mason Raymond.
10:26 of 2nd period - Shot Misses the Net.
10:26 of 2nd period - Puck is out of play.
10:27 of 2nd period - Yan Stastny wins face-off versus Jesse Joensuu in Little Stars zone.
10:36 of 2nd period - Slapshot by Marcus Kruger.
10:36 of 2nd period - Stopped by Tobias Stephan without a rebound.
10:37 of 2nd period - Marcus Kruger wins face-off versus Pierre-Luc Létourneau in Staline zone.
11:12 of 2nd period - Snap shot by Yan Stastny.
11:12 of 2nd period - Shot Misses the Net.
11:14 of 2nd period - Slapshot by Keith Aulie.
11:14 of 2nd period - Stopped by Erik Ersberg without a rebound.
11:15 of 2nd period - Cody Bass wins face-off versus Andrei Loktionov in Little Stars zone.
11:15 of 2nd period - Cody Bass is hit by Theo Peckham.
11:18 of 2nd period - Minor Penalty to Carl Hagelin for Tripping.
11:19 of 2nd period - Yan Stastny wins face-off versus Evgeny Artyukhin in Little Stars zone.
11:25 of 2nd period - Snap shot by Pierre-Luc Létourneau.
11:25 of 2nd period - Shot Blocked by Clay Wilson.
11:45 of 2nd period - Hugh Jessiman is hit by Keith Aulie and loses puck.
12:07 of 2nd period - Icing by Tyler Cuma.
12:08 of 2nd period - Ryan Vesce wins face-off versus Pierre-Luc Létourneau in Staline zone.
13:05 of 2nd period - Pierre-Luc Létourneau is hit by Alexander Vasyunov and loses puck.
13:10 of 2nd period - Slapshot by Clay Wilson.
13:10 of 2nd period - Stopped by Tobias Stephan without a rebound.
13:11 of 2nd period - Evgeny Artyukhin wins face-off versus Andrei Loktionov in Staline zone.
13:18 of 2nd period - Penalty to Carl Hagelin is over, Carl Hagelin is back on ice.
13:30 of 2nd period - Snap shot by Clay Wilson.
13:30 of 2nd period - Stopped by Tobias Stephan without a rebound.
13:31 of 2nd period - Corey Trivino wins face-off versus Peter Mueller in Staline zone.
14:12 of 2nd period - Slapshot by Nick Spaling.
14:12 of 2nd period - Shot Misses the Net.
14:14 of 2nd period - Backhand shot by T.J. Fast.
14:14 of 2nd period - Stopped by Erik Ersberg with a rebound.
14:16 of 2nd period - Slapshot by Nick Spaling.
14:16 of 2nd period - Shot Hit the Post.
14:20 of 2nd period - Snap shot by Peter Mueller.
14:20 of 2nd period - Deflect By J.T. Wyman.
14:20 of 2nd period - Stopped by Erik Ersberg with a rebound.
14:22 of 2nd period - Slapshot by T.J. Fast.
14:22 of 2nd period - Stopped by Erik Ersberg without a rebound.
14:23 of 2nd period - Yan Stastny wins face-off versus Evgeny Artyukhin in Little Stars zone.
14:24 of 2nd period - Snap shot by Devin Setoguchi.
14:24 of 2nd period - Goal by Devin Setoguchi - Staline : 2 - Little Stars : 3.
14:25 of 2nd period - Marcus Kruger wins face-off versus Yan Stastny in neutral zone.
14:52 of 2nd period - Cody Bass is hit by Keith Aulie and loses puck.
15:05 of 2nd period - Minor Penalty to Raphael Diaz for Hooking.
15:06 of 2nd period - Evgeny Artyukhin wins face-off versus Yan Stastny in Little Stars zone.
15:19 of 2nd period - Snap shot by Kyle Okposo.
15:19 of 2nd period - Deflect By Evgeny Artyukhin.
15:19 of 2nd period - Stopped by Tobias Stephan with a rebound.
15:21 of 2nd period - Slapshot by Mathieu Roy.
15:21 of 2nd period - Stopped by Tobias Stephan without a rebound.
15:22 of 2nd period - Evgeny Artyukhin wins face-off versus Yan Stastny in Staline zone.
15:33 of 2nd period - Wrist shot by Devin Setoguchi.
15:33 of 2nd period - Shot Blocked by Clay Wilson.
16:14 of 2nd period - Andrei Loktionov is hit by Evgeny Artyukhin and loses puck.
17:05 of 2nd period - Penalty to Raphael Diaz is over, Raphael Diaz is back on ice.
17:57 of 2nd period - Snap shot by Marcus Kruger.
17:57 of 2nd period - Shot Blocked by Theo Peckham.
17:59 of 2nd period - Snap shot by Jesse Joensuu.
17:59 of 2nd period - Stopped by Tobias Stephan without a rebound.
18:00 of 2nd period - Marcus Kruger wins face-off versus Andrei Loktionov in Staline zone.
18:01 of 2nd period - Snap shot by Evgeny Artyukhin.
18:01 of 2nd period - Stopped by Tobias Stephan with a rebound.
18:09 of 2nd period - Backhand shot by Raphael Diaz.
18:09 of 2nd period - Shot Misses the Net.
18:26 of 2nd period - Michael Del Zotto is hit by Ryan Vesce and loses puck.
18:39 of 2nd period - Michael Del Zotto is hit by Mathieu Roy and loses puck.
18:51 of 2nd period - Icing by Peter Mueller.
18:52 of 2nd period - Yan Stastny wins face-off versus Cody Bass in Staline zone.
19:15 of 2nd period - Slapshot by Ryan Vesce.
19:15 of 2nd period - Shot Misses the Net.
19:51 of 2nd period - Kyle Okposo is hit by Yan Stastny and loses puck.
Goals for this period are 1 for Staline vs 2 for Little Stars.
Shots for this period are 5 for Staline vs 15 for Little Stars.
3rd period
0:01 of 3rd period - Yan Stastny wins face-off versus Marcus Kruger in neutral zone.
0:49 of 3rd period - Off-side.
0:50 of 3rd period - Peter Mueller wins face-off versus Corey Trivino in neutral zone.
0:59 of 3rd period - Wrist shot by Nick Spaling.
0:59 of 3rd period - Shot Blocked by Corey Trivino.
1:01 of 3rd period - Slapshot by Theo Peckham.
1:01 of 3rd period - Stopped by Erik Ersberg with a rebound.
1:03 of 3rd period - Snap shot by Peter Mueller.
1:03 of 3rd period - Shot Misses the Net.
1:05 of 3rd period - Slapshot by Tyler Cuma.
1:05 of 3rd period - Stopped by Erik Ersberg without a rebound.
1:06 of 3rd period - Marcus Kruger wins face-off versus Yan Stastny in Little Stars zone.
1:32 of 3rd period - Cody Bass is hit by Tyler Cuma.
1:58 of 3rd period - Mathieu Roy is hit by Keith Aulie and loses puck.
2:47 of 3rd period - Kyle Okposo is hit by Pierre-Luc Létourneau and loses puck.
2:57 of 3rd period - Off-side.
2:58 of 3rd period - Andrei Loktionov wins face-off versus Corey Trivino in neutral zone.
3:01 of 3rd period - Alexander Vasyunov is hit by T.J. Fast and loses puck.
3:24 of 3rd period - Devin Setoguchi is hit by Jesse Joensuu and loses puck.
3:43 of 3rd period - J.T. Wyman is hit by Matt Pelech and loses puck.
3:50 of 3rd period - Snap shot by Theo Peckham.
3:50 of 3rd period - Deflect By Nick Spaling.
3:50 of 3rd period - Shot Misses the Net.
3:50 of 3rd period - Puck is out of play.
3:51 of 3rd period - Devin Setoguchi wins face-off versus Marcus Kruger in Little Stars zone.
4:00 of 3rd period - Slapshot by Clay Wilson.
4:00 of 3rd period - Deflect By Marcus Kruger.
4:00 of 3rd period - Goal by Marcus Kruger - Staline : 2 - Little Stars : 4.
4:01 of 3rd period - Yan Stastny wins face-off versus Marcus Kruger in neutral zone.
4:10 of 3rd period - Slapshot by Clay Wilson.
4:10 of 3rd period - Deflect By Jesse Joensuu.
4:10 of 3rd period - Shot Blocked by Yan Stastny.
4:10 of 3rd period - Puck is out of play.
4:11 of 3rd period - Yan Stastny wins face-off versus Jesse Joensuu in Staline zone.
4:27 of 3rd period - Snap shot by Marcus Kruger.
4:27 of 3rd period - Stopped by Tobias Stephan without a rebound.
4:28 of 3rd period - Andrei Loktionov wins face-off versus Cody Bass in Staline zone.
4:53 of 3rd period - Snap shot by Peter Mueller.
4:53 of 3rd period - Shot Misses the Net.
4:55 of 3rd period - Slapshot by J.T. Wyman.
4:55 of 3rd period - Shot Misses the Net.
4:57 of 3rd period - Wrist shot by Peter Mueller.
4:57 of 3rd period - Stopped by Erik Ersberg with a rebound.
4:59 of 3rd period - Wrist shot by Tyler Cuma.
4:59 of 3rd period - Stopped by Erik Ersberg with a rebound.
5:01 of 3rd period - Snap shot by Tyler Cuma.
5:01 of 3rd period - Deflect By Clay Wilson.
5:01 of 3rd period - Stopped by Erik Ersberg without a rebound.
5:02 of 3rd period - Yan Stastny wins face-off versus Jesse Joensuu in Little Stars zone.
5:05 of 3rd period - Snap shot by Yan Stastny.
5:05 of 3rd period - Stopped by Erik Ersberg with a rebound.
5:07 of 3rd period - Slapshot by Yan Stastny.
5:07 of 3rd period - Shot Misses the Net.
5:09 of 3rd period - Slapshot by T.J. Fast.
5:09 of 3rd period - Shot Blocked by Jesse Joensuu.
5:11 of 3rd period - Wrist shot by Devin Setoguchi.
5:11 of 3rd period - Shot Blocked by Cameron Schilling.
5:13 of 3rd period - Wrist shot by Pierre-Luc Létourneau.
5:13 of 3rd period - Shot Misses the Net.
5:15 of 3rd period - Snap shot by T.J. Fast.
5:15 of 3rd period - Stopped by Erik Ersberg with a rebound.
5:49 of 3rd period - Minor Penalty to Nick Spaling for Hooking.
5:50 of 3rd period - Marcus Kruger wins face-off versus Yan Stastny in Staline zone.
5:51 of 3rd period - Wrist shot by Evgeny Artyukhin.
5:51 of 3rd period - Shot Misses the Net.
5:53 of 3rd period - Slapshot by Mathieu Roy.
5:53 of 3rd period - Shot Misses the Net.
6:35 of 3rd period - Carl Hagelin is hit by Andrei Loktionov and loses puck.
6:44 of 3rd period - Snap shot by Andrei Loktionov.
6:44 of 3rd period - Stopped by Erik Ersberg with a rebound.
6:46 of 3rd period - Snap shot by Cam Janssen.
6:46 of 3rd period - Stopped by Erik Ersberg without a rebound.
6:47 of 3rd period - Yan Stastny wins face-off versus Marcus Kruger in Little Stars zone.
7:42 of 3rd period - Raphael Diaz is hit by Tyler Cuma.
7:49 of 3rd period - Penalty to Nick Spaling is over, Nick Spaling is back on ice.
7:57 of 3rd period - Off-side.
7:58 of 3rd period - Andrei Loktionov wins face-off versus Corey Trivino in neutral zone.
8:05 of 3rd period - Slapshot by Mason Raymond.
8:05 of 3rd period - Stopped by Erik Ersberg without a rebound.
8:06 of 3rd period - Andrei Loktionov wins face-off versus Marcus Kruger in Little Stars zone.
8:07 of 3rd period - Snap shot by Cam Janssen.
8:07 of 3rd period - Shot Misses the Net.
8:09 of 3rd period - Snap shot by Mason Raymond.
8:09 of 3rd period - Goal by Mason Raymond - Staline : 3 - Little Stars : 4.
8:10 of 3rd period - Yan Stastny wins face-off versus Marcus Kruger in neutral zone.
8:15 of 3rd period - Evgeny Artyukhin is hit by Yan Stastny and loses puck.
9:04 of 3rd period - Snap shot by Peter Mueller.
9:04 of 3rd period - Shot Blocked by Mathieu Roy.
9:44 of 3rd period - Minor Penalty to Cody Eakin for High sticking.
9:45 of 3rd period - Yan Stastny wins face-off versus Marcus Kruger in Staline zone.
9:56 of 3rd period - Slapshot by Raphael Diaz.
9:56 of 3rd period - Stopped by Tobias Stephan without a rebound.
9:57 of 3rd period - Yan Stastny wins face-off versus Evgeny Artyukhin in Staline zone.
10:31 of 3rd period - Slapshot by Clay Wilson.
10:31 of 3rd period - Stopped by Tobias Stephan without a rebound.
10:32 of 3rd period - Andrei Loktionov wins face-off versus Cody Bass in Staline zone.
11:44 of 3rd period - Penalty to Cody Eakin is over, Cody Eakin is back on ice.
11:46 of 3rd period - Jared Boll is hit by Jesse Joensuu and loses puck.
11:57 of 3rd period - Snap shot by Ryan Vesce.
11:57 of 3rd period - Shot Misses the Net.
11:59 of 3rd period - Slapshot by Raphael Diaz.
11:59 of 3rd period - Shot Blocked by T.J. Fast.
12:01 of 3rd period - Slapshot by Ryan Vesce.
12:01 of 3rd period - Deflect By Keith Aulie.
12:01 of 3rd period - Stopped by Tobias Stephan with a rebound.
12:03 of 3rd period - Backhand shot by Raphael Diaz.
12:03 of 3rd period - Shot Blocked by Mason Raymond.
12:27 of 3rd period - Snap shot by Peter Mueller.
12:27 of 3rd period - Shot Blocked by Hugh Jessiman.
12:29 of 3rd period - Slapshot by J.T. Wyman.
12:29 of 3rd period - Stopped by Erik Ersberg with a rebound.
12:36 of 3rd period - Icing by Landon Ferraro.
12:37 of 3rd period - Carl Hagelin wins face-off versus Yan Stastny in Little Stars zone.
12:44 of 3rd period - Snap shot by Devin Setoguchi.
12:44 of 3rd period - Stopped by Erik Ersberg with a rebound.
12:46 of 3rd period - Snap shot by Tyler Cuma.
12:46 of 3rd period - Stopped by Erik Ersberg with a rebound.
12:48 of 3rd period - Snap shot by Pierre-Luc Létourneau.
12:48 of 3rd period - Goal by Pierre-Luc Létourneau - Staline : 4 - Little Stars : 4.
12:49 of 3rd period - Yan Stastny wins face-off versus Marcus Kruger in neutral zone.
13:00 of 3rd period - Slapshot by Theo Peckham.
13:00 of 3rd period - Stopped by Erik Ersberg with a rebound.
13:37 of 3rd period - Snap shot by Peter Mueller.
13:37 of 3rd period - Stopped by Erik Ersberg without a rebound.
13:38 of 3rd period - Corey Trivino wins face-off versus Devin Setoguchi in Little Stars zone.
13:45 of 3rd period - Slapshot by Cameron Schilling.
13:45 of 3rd period - Shot Misses the Net.
13:47 of 3rd period - Slapshot by Raphael Diaz.
13:47 of 3rd period - Shot Blocked by Keith Aulie.
13:49 of 3rd period - Wrist shot by Alexander Vasyunov.
13:49 of 3rd period - Shot Misses the Net.
13:51 of 3rd period - Wrist shot by Alexander Vasyunov.
13:51 of 3rd period - Shot Misses the Net.
13:53 of 3rd period - Wrist shot by Corey Trivino.
13:53 of 3rd period - Stopped by Tobias Stephan with a rebound.
14:04 of 3rd period - Icing by Keith Aulie.
14:05 of 3rd period - Yan Stastny wins face-off versus Cody Bass in Staline zone.
14:05 of 3rd period - Yan Stastny is hit by Matt Pelech.
14:37 of 3rd period - Keith Aulie is hit by Cody Bass and loses puck.
15:07 of 3rd period - Icing by T.J. Fast.
15:08 of 3rd period - Yan Stastny wins face-off versus Marcus Kruger in Staline zone.
16:04 of 3rd period - Off-side.
16:05 of 3rd period - Alexander Vasyunov wins face-off versus Andrei Loktionov in neutral zone.
16:57 of 3rd period - Peter Mueller is hit by Cody Bass and loses puck.
17:20 of 3rd period - Wrist shot by Jared Boll.
17:20 of 3rd period - Shot Misses the Net.
17:48 of 3rd period - Theo Peckham is hit by Evgeny Artyukhin and loses puck.
18:08 of 3rd period - Minor Penalty to Theo Peckham for Holding.
18:09 of 3rd period - Yan Stastny wins face-off versus Marcus Kruger in Staline zone.
18:23 of 3rd period - Backhand shot by T.J. Fast.
18:23 of 3rd period - Deflect By Marcus Kruger.
18:23 of 3rd period - Stopped by Erik Ersberg with a rebound.
18:45 of 3rd period - Slapshot by Kyle Okposo.
18:45 of 3rd period - Goal by Kyle Okposo - Staline : 4 - Little Stars : 5.
18:46 of 3rd period - Yan Stastny wins face-off versus Marcus Kruger in neutral zone.
19:01 of 3rd period - Staline, Tobias Stephan is pulled from the net.
19:01 of 3rd period - Slapshot by Yan Stastny.
19:01 of 3rd period - Shot Misses the Net.
19:11 of 3rd period - Snap shot by Evgeny Artyukhin.
19:11 of 3rd period - Shot Blocked by Keith Aulie.
19:13 of 3rd period - Wrist shot by Jesse Joensuu.
19:13 of 3rd period - Shot Misses the Net.
19:17 of 3rd period - Wrist shot by Evgeny Artyukhin.
19:17 of 3rd period - Goal by Evgeny Artyukhin - Staline : 4 - Little Stars : 6.
19:17 of 3rd period - Tobias Stephan from Staline was sent back in the game.
19:18 of 3rd period - Peter Mueller wins face-off versus Landon Ferraro in neutral zone.
19:20 of 3rd period - Minor Penalty to J.T. Wyman for Hooking.
19:21 of 3rd period - Marcus Kruger wins face-off versus Yan Stastny in Staline zone.
Goals for this period are 2 for Staline vs 3 for Little Stars.
Shots for this period are 18 for Staline vs 8 for Little Stars.
Output by the SimonT Hockey Simulator (STHS) for François Prévost -- Original Page W3C XHTML 1.0 Valid